 Dungeon Crawl Stone Soup version 0.26-a0-663-g36e8fdb655 (webtiles) character file.

Game seed: 10046681129067289723

12578 jasper the Basher (level 11, -4/58 HPs)
             Began as a Vine Stalker Fighter on Oct 11, 2020.
             Was a Believer of Uskayaw.
             Slain by a cane toad (16 damage)
             ... on level 1 of the Lair of Beasts.
             The game lasted 00:12:49 (8477 turns).

jasper the Basher (Vine Stalker Fighter)            Turns: 8477, Time: 00:12:50

Health: -4/58      AC: 19    Str: 22    XL:     11   Next: 95%
Magic:  0/13       EV:  8    Int:  5    God:    Uskayaw [**....]
Gold:   781        SH: 11    Dex: 14    Spells: 10/10 levels left

rFire    . . .     SeeInvis .   j - +3 whip (vamp)
rCold    . . .     Faith    .   c - +0 kite shield
rNeg     . . .     Spirit   +   b - +0 scale mail
rPois    .         Reflect  .   k - +0 helmet
rElec    .         Harm     .   Y - +0 cloak
rCorr    .         Rampage  .   i - +0 pair of gloves
MR       +++..     Rnd*Rage +   (no boots)
Stlth    ..........             V - necklace of Bloodlust {*Rage +Rage MR++ Int-3 Slay+6 *Curse} (curse)
HPRegen  0.59/turn              d - +4 ring of protection
MPRegen  0.13/turn              L - +4 ring of protection

@: no status effects
A: fangs 3, regeneration 1, magic shield, antimagic bite, no potion heal 3, rot
immunity
a: Stomp, Line Pass, Renounce Religion, Evoke Berserk Rage


You were on level 1 of the Lair of Beasts.
You worshipped Uskayaw.
Uskayaw was noncommittal.
You visited 3 branches of the dungeon, and saw 13 of its levels.

You collected 781 gold pieces.

Inventory:

Hand Weapons
 a - a +0 flail of flaming
 j - a +3 vampiric whip (weapon)
Missiles
 u - 403 stones (quivered)
 M - a throwing net
Armour
 b - a +0 scale mail (worn)
 c - a +0 kite shield (worn)
 i - a +0 pair of gloves (worn)
 k - a +0 helmet (worn)
 Y - a +0 cloak (worn)
Jewellery
 d - a +4 ring of protection (left hand)
 L - a +4 ring of protection (right hand)
 S - a cursed ring of attention {unknown}
 T - an uncursed ring of wizardry {unknown}
 V - the cursed necklace of Bloodlust (around neck) {*Rage +Rage MR++ Int-3 Slay+6 *Curse}
   (You found it on level 9 of the Dungeon)

   [amulet of nothing]

   It affects your intelligence (-3).
   It affects your accuracy and damage with ranged weapons and melee attacks
   (+6).
   It affects your resistance to hostile enchantments.
   It lets you go berserk.
   It may make you go berserk in combat.
   It curses itself when equipped.
   It has a curse placed upon it.
 Z - an uncursed ring of poison resistance {unknown}
Wands
 s - a wand of polymorph (13)
 A - a wand of iceblast (3)
 G - a wand of random effects (25)
 N - a wand of flame (25)
Scrolls
 e - 6 scrolls of teleportation
 g - 4 scrolls of enchant weapon
 h - 2 scrolls of amnesia
 l - 2 scrolls of enchant armour
 n - a scroll of brand weapon
 q - 6 scrolls of remove curse
 x - 2 scrolls of fear
 y - 3 scrolls of immolation
 E - a scroll of magic mapping
 H - 2 scrolls of fog
 J - 2 scrolls of blinking {unknown}
 K - a scroll of torment {unknown}
 R - a scroll of silence {unknown}
Potions
 f - 2 potions of brilliance
 m - 6 potions of heal wounds
 o - 2 potions of magic {unknown}
 p - 3 potions of degeneration {unknown}
 r - 2 potions of lignification {unknown}
 t - 3 potions of cancellation {unknown}
 v - 7 potions of curing {unknown}
 w - 2 potions of resistance {unknown}
 z - a potion of mutation {unknown}
 B - 5 potions of stabbing {unknown}
 C - a potion of haste
 F - a potion of berserk rage
 I - a potion of ambrosia {unknown}
 O - a potion of might
 Q - 3 potions of flight {unknown}
 W - a potion of invisibility {unknown}


   Skills:
 + Level 7.6 Fighting
 - Level 12.0 Maces & Flails
 + Level 6.9 Armour
 + Level 7.6 Shields
 * Level 1.8 Invocations


You had 10 spell levels left.
You didn't know any spells.
Your spell library contained the following spells:

 Spells                   Type           Power        Failure   Level
 Freeze                   Ice            #...         97%         1
 Magic Dart               Conj           #...         97%         1
 Sting                    Tmut/Pois      #...         97%         1
 Blink                    Tloc           N/A          99%         2
 Call Imp                 Summ           #.......     99%         2
 Poisonous Vapours        Pois/Air       #.....       99%         2
 Slow                     Hex            #.......     99%         2
 Conjure Flame            Conj/Fire      #.......     100%        3
 Frozen Ramparts          Ice            #.....       100%        3
 Ignite Poison            Fire/Tmut/Pois #.......     100%        3
 Mephitic Cloud           Conj/Pois/Air  #.......     100%        3
 Ozocubu's Armour         Ice            #.......     100%        3
 Hailstorm                Conj/Ice       #.......     100%        4
 Olgreb's Toxic Radiance  Pois           #.......     100%        4
 Summon Ice Beast         Ice/Summ       #.......     100%        4
 Bolt of Magma            Conj/Fire/Erth #.........   100%        5
 Iskenderun's Battlesphe  Conj           #.......     100%        5
 Iron Shot                Conj/Erth      #.........   100%        6
 Orb of Destruction       Conj           #.........   100%        7
 Spellforged Servitor     Conj/Summ      #.........   100%        7


Dungeon Overview and Level Annotations

Branches:
Dungeon (11/15)            Temple (1/1) D:6            Lair (1/6) D:10
    Orc: D:9-12

Altars:
Ashenzari
Cheibriados
Dithmenos
Elyvilon
Fedhas
Gozag
Hepliaklqana
Kikubaaqudgha
Makhleb
Nemelex Xobeh
Okawaru
Qazlal
Ru
Sif Muna
Trog
Uskayaw
Vehumet
Wu Jian
Xom
Yredelemnul
Zin
The Shining One
Beogh

Annotations:
D:4 4 runed translucent doors, Crazy Yiuf; SkiChan's ghost, weakling NaTm
Lair:1 Grum


Innate Abilities, Weirdness & Mutations

You have razor-sharp teeth.
Your natural rate of healing is unusually fast.
When hurt, damage is shared between your health and your magic reserves.
Your bite disrupts and absorbs the magic of your enemies.
Potions cannot restore your health.
You are immune to rotting.


Message History

Grum hits you from afar with a -1 spear!
You take 16 damage, and have 39/58 hp.
MASSIVE DAMAGE!!
You now have 10/13 mp.
You hit the komodo dragon.
You feel better.
The komodo dragon is lightly wounded.
The yak gores you but does no damage. You block the komodo dragon's attack.
The yak gores you!
You take 5 damage, and have 34/58 hp.
You now have 7/13 mp.
You hit the komodo dragon but do no damage.
The komodo dragon is lightly wounded.
The bullfrog releases a deep croak.
The yak gores you. You block the cane toad's attack.
Grum points his finger and shouts, "Spot!
Sic 'em!"
Grum hits you but does no damage.
You take 3 damage, and have 31/58 hp.
Unknown command.
The yak gores you but does no damage. The komodo dragon bites you!!
* * * LOW HITPOINT WARNING * * *
The yak gores you but does no damage. You block the yak's attack.
The cane toad stings you!!
You die...

...... f.## #.#f.#
#...## ##.... .....##
##.....## ......#
#......F#######$....#
#......FFl..(..#...##
#......l#####Fg....P#
##.....## ##lF#...#
##.... #Y@Y...#
#..... ..Y...Y#....#
#.#.##
............... #...
######.##..#### .#
#.. ..# #.# ... #..
..#. .. .#.#


You could see a komodo dragon, Grum, 4 yaks, a cane toad and a bullfrog.

Vanquished Creatures
  A hydra (D:10)
  An ice dragon (D:11)
  Erica (D:10)
  Urug (D:11)
  An unseen horror (D:10)
  2 ugly things (D:11)
  A cane toad (Lair:1)
  A komodo dragon (Lair:1)
  A hornet (D:11)
  2 trolls (D:11)
  2 wraiths (D:11)
  Sigmund (D:5)
  4 wyverns
  5 yaks (Lair:1)
  Eustachio (D:4)
  Menkaure (D:4)
  2 water moccasins (D:10)
  Duvessa (D:7)
  4 orc warriors
  4 ice beasts
  3 sky beasts
  A necrophage (D:8)
  An eye of draining (D:10)
  4 ogres
  2 black bears (D:10)
  3 wolves
  3 centaurs
  10 bullfrogs
  A gnoll sergeant (D:9)
  A wyvern zombie (D:11)
  Dowan (D:7)
  2 scorpions
  5 wights (D:8)
  5 howler monkeys
  4 hounds
  A quasit (D:8)
  4 bullfrog zombies
  A centaur zombie (D:7)
  3 bullfrog skeletons
  6 orc priests
  A centaur skeleton (D:7)
  2 jellies (D:9)
  10 orc wizards
  4 iguanas
  7 worker ants
  A hound zombie (D:9)
  A worker ant zombie (D:10)
  Robin (D:2)
  14 gnolls
  10 adders
  A shadow imp (D:10)
  5 white imps
  2 oozes (D:1)
  4 adder skeletons
  An adder zombie (D:5)
  3 worms
  2 dart slugs (D:3)
  6 leopard geckos
  28 orcs
  9 bats
  5 giant cockroaches
  14 goblins
  8 hobgoblins
  8 kobolds
  5 quokkas
  A frilled lizard (D:1)
  A leopard gecko skeleton (D:5)
  2 quokka skeletons
  8 rats
262 creatures vanquished.

Vanquished Creatures (others)
  7 fungi
  5 plants
12 creatures vanquished.

Grand Total: 274 creatures vanquished

Notes
Turn   | Place    | Note
-------+----------+-------------------------------------------
     0 | D:1      | jasper the Vine Stalker Fighter began the quest for the
                  | Orb.
     0 | D:1      | Reached XP level 1. HP: 11/11 MP: 2/2
   100 | D:1      | Noticed a swamp drake
   100 | D:1      | Noticed a water moccasin
   100 | D:1      | Noticed a snapping turtle
   100 | D:1      | Noticed a lindwurm
   108 | D:1      | Reached skill level 2 in Maces & Flails
   201 | D:1      | Reached XP level 2. HP: 14/16 MP: 3/3
   419 | D:1      | Reached XP level 3. HP: 19/19 MP: 4/4
   828 | D:2      | Noticed Robin
   837 | D:2      | Killed Robin
   926 | D:2      | Gained mutation: Your natural rate of healing is unusually
                  | fast. [Vine Stalker growth]
   926 | D:2      | Reached XP level 4. HP: 15/24 MP: 3/5
  1008 | D:2      | Reached skill level 3 in Maces & Flails
  1292 | D:2      | Reached XP level 5. HP: 28/28 MP: 6/6
  1294 | D:2      | Found a stormy altar of Qazlal.
  1863 | D:3      | Found a roughly hewn altar of Beogh.
  2127 | D:4      | Found a runed translucent gate.
  2127 | D:4      | Found a runed translucent gate.
  2127 | D:4      | Noticed a big kobold
  2128 | D:4      | Found a runed translucent gate.
  2128 | D:4      | Identified the +10 dagger "Nirchu" {pain, +Blink rF+}
  2130 | D:4      | Noticed SkiChan's ghost (weakling NaTm)
  2172 | D:4      | Noticed an ogre
  2177 | D:4      | Killed an ogre
  2177 | D:4      | Reached XP level 6. HP: 21/33 MP: 7/7
  2246 | D:4      | Reached skill level 4 in Maces & Flails
  2340 | D:4      | Noticed Menkaure
  2346 | D:4      | Killed Menkaure
  2346 | D:4      | Reached XP level 7. HP: 30/37 MP: 5/8
  2389 | D:4      | Found a runed translucent door.
  2390 | D:4      | Noticed Crazy Yiuf
  2491 | D:4      | Noticed Eustachio
  2509 | D:4      | Killed Eustachio
  2687 | D:4      | Found an ornate altar of the Wu Jian Council.
  2688 | D:4      | Found a snail-covered altar of Cheibriados.
  2790 | D:5      | Entered Level 5 of the Dungeon
  2832 | D:5      | Reached skill level 5 in Maces & Flails
  2887 | D:5      | Found a white marble altar of Elyvilon.
  2904 | D:5      | Gained mutation: You have razor-sharp teeth. [Vine Stalker
                  | growth]
  2904 | D:5      | Reached XP level 8. HP: 25/42 MP: 6/9
  3042 | D:5      | Noticed Sigmund
  3054 | D:5      | Killed Sigmund
  3103 | D:5      | Reached skill level 6 in Maces & Flails
  3157 | D:5      | Reached skill level 5 in Fighting
  3303 | D:5      | Found a shadowy altar of Dithmenos.
  3320 | D:5      | Reached skill level 5 in Shields
  3719 | D:6      | Found a staircase to the Ecumenical Temple.
  3766 | Temple   | Entered the Ecumenical Temple
  3997 | D:6      | Reached XP level 9. HP: 47/47 MP: 10/10
  4200 | D:6      | Reached skill level 7 in Maces & Flails
  4200 | D:6      | Reached skill level 5 in Armour
  4552 | D:7      | Noticed Duvessa
  4552 | D:7      | Noticed Dowan
  4556 | D:7      | Killed Duvessa
  4562 | D:7      | Killed Dowan
  5176 | D:8      | Found an ancient bone altar of Kikubaaqudgha.
  5176 | D:8      | Found a radiant altar of Vehumet.
  5176 | D:8      | Found a hide-covered altar of Uskayaw.
  5177 | D:8      | Found a basalt altar of Yredelemnul.
  5182 | D:8      | Found an opulent altar of Gozag.
  5182 | D:8      | Found a burning altar of Makhleb.
  5188 | D:8      | Found a sparkling altar of Nemelex Xobeh.
  5215 | D:8      | Became a worshipper of Uskayaw the Reveler
  5264 | D:8      | Reached * piety under Uskayaw
  5305 | D:8      | Reached ** piety under Uskayaw
  5469 | D:8      | Found a bloodstained altar of Trog.
  5495 | D:8      | Reached *** piety under Uskayaw
  5548 | D:8      | Reached **** piety under Uskayaw
  5549 | D:8      | Reached skill level 8 in Maces & Flails
  5928 | D:9      | Reached XP level 10. HP: 49/53 MP: 8/11
  6239 | D:9      | Found a shimmering altar of Xom.
  6420 | D:9      | Found the cursed necklace of Bloodlust {*Rage +Rage MR++
                  | Int-3 Slay+6 *Curse}
  6576 | D:10     | Entered Level 10 of the Dungeon
  6591 | D:10     | Reached ***** piety under Uskayaw
  6699 | D:10     | Reached skill level 9 in Maces & Flails
  6945 | D:10     | Found a staircase to the Lair.
  6986 | D:10     | Noticed Erica
  6993 | D:10     | Killed Erica
  6998 | D:10     | Killed an unseen horror
  7214 | D:11     | Reached XP level 11. HP: 58/58 MP: 12/12
  7264 | D:11     | Noticed a cyan ugly thing
  7273 | D:11     | Killed a cyan ugly thing
  7294 | D:11     | Reached skill level 10 in Maces & Flails
  7309 | D:11     | Paralysed by a hornet for 3 turns
  7316 | D:11     | Paralysed by a hornet for 1 turns
  7759 | D:11     | Noticed Urug
  7775 | D:11     | Killed Urug
  8013 | D:11     | Noticed a boulder beetle
  8015 | D:11     | Noticed an ice dragon
  8015 | D:11     | a boulder beetle changed into an ice dragon
  8021 | D:11     | Killed an ice dragon
  8021 | D:11     | Reached skill level 11 in Maces & Flails
  8067 | D:11     | Noticed a cyan ugly thing
  8075 | D:11     | Killed a cyan ugly thing
  8177 | Lair:1   | Entered Level 1 of the Lair of Beasts
  8218 | Lair:1   | Noticed Grum
  8219 | Lair:1   | Noticed a four-headed hydra
  8223 | Lair:1   | Reached ****** piety under Uskayaw
  8320 | D:10     | Killed a four-headed hydra
  8320 | D:10     | Reached skill level 12 in Maces & Flails
  8320 | D:10     | Reached skill level 1 in Invocations
  8477 | Lair:1   | Slain by a cane toad

Illustrated notes

Levels and vault maps discovered:
D:1:      onia_arrival_zoo_common, layout_rooms, hangedman_decor_points,
          minmay_3d_cube
D:2:      layout_loops_ring, nicolae_qazlal_eye_of_the_storm, uniq_robin
D:3:      layout_basic, kennysheep_orc_chapel
D:4:      layout_rooms, gammafunk_temple_overflow_statue, serial_glass,
          glass_columns_b, glass_columns_a, gammafunk_ghost_nasty_kobolds,
          minmay_strange_pillars, uniq_crazy_yiuf_cottage, uniq_menkaure,
          uniq_eustachio
D:5:      layout_basic, elyvilon_altar_4, lemuel_crystal_altar, uniq_sigmund
D:6:      layout_loops_corners, temple_statues, hex_large
D:7:      layout_gridville, uniq_duvessa
D:8:      layout_loops_ring, nicolae_overflow_crystal_walls,
          grunt_temple_overflow_open
D:9:      layout_long_grid, lemuel_crystal_altar, kennysheep_generic_room_12
D:10:     layout_loops_ring, grunt_lair_entry_orc_guard_hut, uniq_erica
D:11:     layout_loops_ring, uniq_urug
Temple:   compressed_dpeg_triangle_lava_temple
Lair:1:   layout_loops_ring, serial_bayou_shore_a, infiniplex_staircase_pool,
          uniq_grum

Skill      XL: |  1  2  3  4  5  6  7  8  9 10 11 |
---------------+----------------------------------+-----
Maces & Flails | 2 3 4 5 6 8 9 12 | 12.0
Fighting       | 3 4 5 6 7 |  7.6
Shields        | 3 4 5 6 7 |  7.6
Armour         | 3 4 5 6 |  6.9
Invocations    | 1 |  1.8

Action                   |  1- 3 |  4- 6 |  7- 9 | 10-12 || total
-------------------------+-------+-------+-------+-------++-------
Melee: Flail             |    64 |       |       |       ||    64
       Bite              |    17 |    36 |   156 |   143 ||   352
       Whip              |    27 |   125 |   419 |   317 ||   888
Invok: Line Pass         |       |       |       |     1 ||     1
Evoke: Wand              |       |       |     4 |    10 ||    14
  Use: Potion            |       |     1 |       |     1 ||     2
       Scroll            |       |       |     6 |     6 ||    12
 Stab: Paralysed         |       |       |     2 |    15 ||    17
Armor: Scale mail        |    53 |    40 |   125 |   126 ||   344
Dodge: Dodged            |    26 |    23 |    97 |    75 ||   221
Block: Kite shield       |    55 |    46 |   174 |   141 ||   416

Table legend: (Time is in decaauts)
 A = Elapsed time spent in this place.
 B = Non-inter-level travel time spent in this place.
 C = Inter-level travel time spent in this place.
 D = Time resting spent in this place.
 E = Time spent auto-exploring this place.
 F = Levels seen in this place.
 G = Mean time per level.
                   A        B        C        D        E       F      G
               +--------+--------+--------+--------+--------+-----+--------+
         Total |   8407 |   8081 |    326 |    351 |   6087 |  13 |  646.7 |
       Dungeon |   8163 |   7859 |    304 |    351 |   5919 |  11 |  742.1 |
        Temple |    184 |    162 |     22 |      0 |    159 |   1 |  184.0 |
          Lair |     58 |     58 |      0 |      0 |      9 |   1 |   58.0 |
               +--------+--------+--------+--------+--------+-----+--------+

Top non-repeatable levels by time:
    D:11: 968 daAuts
    D:10: 873 daAuts
     D:6: 843 daAuts
     D:1: 807 daAuts
     D:9: 745 daAuts
     D:2: 711 daAuts
     D:7: 664 daAuts
     D:4: 661 daAuts
     D:5: 633 daAuts
     D:3: 633 daAuts
     D:8: 622 daAuts
  Temple: 184 daAuts
  Lair:1: 58 daAuts
